Map: Moondance

Players

LunaSea

  • Race: Protoss Protoss
  • Spawn Location: 6:00

PattyMac - Winner!

  • Race: Protoss Protoss
  • Spawn Location: 12:00

Event: DreamHack SC2 Masters 2022 Atlanta (Offline)

VOD

Have the link to the VOD?

Description

Time

  • Played on: Nov. 18, 2022, 10:21 a.m.
  • Length: 8:58

All games in this series

Show
View Real Time Build Order
Export as new Build Order

LunaSea Protoss 

Build Orders:  

Get SALT Encoding   

  12  0:00  Probe  
  13  0:12  Probe  
  14  0:17  Pylon  
  14  0:24  Probe (Chrono Boost)  
  15  0:36  Gateway, Probe (Chrono Boost)  
  16  0:44  Probe (Chrono Boost)  
  16  0:46  Assimilator  
  17  0:51  Probe  
  17  0:54  Assimilator  
  18  1:03  Probe  
  19  1:07  Gateway  
  19  1:15  Probe (Chrono Boost)  
  20  1:24  Cybernetics Core, Probe (Chrono Boost)  
  21  1:29  Probe (Chrono Boost)  
  22  1:34  Pylon  
  22  1:41  Probe  
  23  1:53  Probe  
  24  2:00  Adept, Stalker  
  28  2:02  Pylon  
  28  2:04  Warp Gate  
  28  2:12  Shield Battery  
  28  2:25  Robotics Facility  
  28  2:32  Pylon  
  28  2:33  Stalker  
  30  2:40  Stalker  
  32  2:55  Gateway  
  32  3:03  Stalker  
  34  3:10  Immortal (Chrono Boost)  
  34  3:17  Shield Battery  
  38  3:23  Pylon  
  38  3:39  Warp Prism (Chrono Boost)  
  40  3:52  Sentry x2  
  40  3:53  Stalker  
  46  4:00  Pylon  
  46  4:22  Stalker x2  
  48  4:32  Immortal  
  52  4:43  Pylon  
  42  4:58  Robotics Bay  
  38  5:02  Adept  
  40  5:08  Adept  
  40  5:09  Zealot  
  44  5:23  Immortal (Chrono Boost)  
  48  5:38  Pylon  
  48  5:41  Adept  
  50  5:43  Adept  
  50  5:50  Stalker  
  42  6:03  Robotics Facility  
  36  6:07  Adept  
  37  6:12  Adept  
  39  6:32  Adept x2  
  39  6:57  Pylon  
  39  6:59  Pylon  
  39  7:11  Disruptor (Chrono Boost)  
  42  7:16  Stalker x2  
  46  7:31  Gateway  
  46  7:47  Pylon  
  46  7:49  Disruptor  
  47  7:58  Shield Battery  
  41  8:02  Adept  
  43  8:07  Gateway  
  43  8:25  Disruptor (Chrono Boost), Gateway  
  46  8:44  Adept  
Show
View Real Time Build Order
Export as new Build Order

PattyMac Protoss - Winner!

Build Orders: Phoenix Opening 

Get SALT Encoding   

  12  0:00  Probe  
  13  0:12  Probe  
  14  0:17  Pylon  
  14  0:24  Probe (Chrono Boost)  
  15  0:36  Probe (Chrono Boost), Gateway  
  16  0:44  Probe (Chrono Boost)  
  16  0:45  Assimilator  
  17  0:52  Probe (Chrono Boost)  
  17  0:54  Assimilator  
  19  1:04  Probe (Chrono Boost)  
  19  1:07  Gateway  
  19  1:13  Probe (Chrono Boost)  
  19  1:18  Probe  
  20  1:24  Cybernetics Core  
  21  1:31  Probe  
  22  1:43  Probe  
  23  2:00  Warp Gate  
  23  2:07  Pylon  
  23  2:08  Nexus  
  23  2:16  Pylon  
  23  2:26  Sentry (Chrono Boost)  
  23  2:28  Probe  
  28  2:32  Stalker (Chrono Boost)  
  28  2:40  Probe  
  29  2:46  Stalker, Pylon  
  31  2:54  Phoenix  
  31  2:55  Stalker  
  33  2:59  Probe  
  34  3:06  Robotics Facility  
  34  3:19  Probe (Chrono Boost)  
  35  3:21  Probe (Chrono Boost)  
  35  3:24  Shield Battery  
  36  3:30  Shield Battery  
  36  3:32  Probe (Chrono Boost)  
  36  3:33  Probe (Chrono Boost)  
  37  3:40  Probe  
  39  3:44  Probe  
  40  3:48  Stalker  
  40  3:54  Stalker  
  44  3:56  Immortal (Chrono Boost)  
  48  4:05  Shield Battery  
  48  4:11  Sentry  
  48  4:16  Shield Battery  
  50  4:17  Stalker  
  52  4:25  Shield Battery  
  52  4:27  Pylon  
  52  4:32  Warp Prism  
  54  4:43  Pylon  
  52  4:57  Pylon  
  52  4:59  Probe  
  53  5:00  Probe  
  54  5:09  Stalker x2  
  54  5:11  Probe  
  54  5:13  Immortal (Chrono Boost)  
  63  5:23  Pylon  
  63  5:27  Shield Battery  
  63  5:31  Probe, Pylon  
  64  5:36  Stalker  
  64  5:40  Stalker  
  68  5:56  Immortal  
  64  6:05  Stalker x2  
  64  6:06  Probe x2  
  64  6:09  Gateway  
  64  6:10  Assimilator  
  70  6:18  Twilight Council  
  69  6:28  Stalker x2  
  73  6:47  Probe x2  
  73  6:54  Blink (Chrono Boost)  
  75  6:58  Stalker  
  75  7:00  Probe  
  78  7:07  Nexus  
  78  7:08  Pylon  
  78  7:12  Pylon  
  78  7:16  Pylon  
  78  7:21  Pylon  
  78  7:26  Probe  
  78  7:27  Observer, Stalker x2  
  78  7:28  Stalker  
  86  7:31  Probe  
  73  8:04  Stalker x2  
  73  8:05  Stalker  
  79  8:09  Gateway  
  79  8:12  Gateway  
  79  8:13  Gateway  
  79  8:16  Probe  
  79  8:17  Probe  
  79  8:18  Forge, Assimilator  
  81  8:20  Pylon  
  81  8:24  Gateway  
  81  8:31  Stalker x3  
  81  8:34  Probe (Chrono Boost)  
  89  8:39  Probe (Chrono Boost)  
  85  8:47  Pylon  
Tags
 
Add a new tag
Caveats
  • Supply blocks, unpowered buildings, or Contaminate may cause inaccurate times.
  • Supply counts are checked every 10 seconds.